 Dungeon Crawl Stone Soup version 0.30-a0-1124-g6e8f0f562f (webtiles) character file.

Game seed: 9137259425668107877

544 bande the Chopper (level 7, -2/44 HPs)
             Began as a Gargoyle Fighter on Apr 24, 2023.
             Slain by Duvessa
             ... wielding a +4 short sword of protection
              (5 damage)
             ... on level 5 of the Dungeon.
             The game lasted 00:07:44 (2923 turns).

bande the Chopper (Gargoyle Fighter)                Turns: 2923, Time: 00:07:45

Health: -2/44      AC: 22    Str: 20    XL:     7   Next: 27%
Magic:  7/7        EV:  7    Int: 10    God:
Gold:   173        SH:  5    Dex: 11    Spells: 6/6 levels left

rFire   . . .        a - +1 war axe
rCold   . . .        c - +0 buckler
rNeg    + . .        l - +6 chain mail "Xajuyruf" {Fly Regen+ Int+2 Stlth-}
rPois   ∞            (no helmet)
rElec   +            m - +0 cloak
rCorr   .            b - +0 pair of gloves
SInv    .            (no boots)
Will    .....        (no amulet) Stlth
                     (no ring)
HPRegen 1.07/turn    (no ring)
MPRegen 0.10/turn

%: no passive effects
@: mighty, flying
A: sickness immunity, AC +4, negative energy resistance 1, electricity
resistance, torment resistance 1, petrification resistance
a: no special abilities


You were on level 5 of the Dungeon.
You visited 1 branch of the dungeon, and saw 5 of its levels.

You collected 173 gold pieces.

Inventory:

Hand Weapons
 a - a +1 war axe (weapon)
 o - a +0 flail of protection
Armour
 b - a +0 pair of gloves (worn)
 c - a +0 buckler (worn)
 g - the +1 leather armour of Musorar {rC++ Dex-2}
   (You found it on level 3 of the Dungeon)

   Dex:       It affects your dexterity (-2).
   rC:        It greatly protects you from cold.
 l - the +6 chain mail "Xajuyruf" (worn) {Fly Regen+ Int+2 Stlth-}
   (You found it on level 3 of the Dungeon)

   Int:       It affects your intelligence (+2).
   Fly:       It grants you flight.
   Regen:     It increases your rate of health regeneration.
   Stlth:     It makes you less stealthy.
 m - a +0 cloak (worn)
 n - an orb of light
Wands
 i - a wand of digging (6)
 j - a wand of iceblast (4)
Scrolls
 e - a scroll of identify
 f - 4 scrolls of teleportation
Potions
 d - a potion of might
 h - a potion of curing
 k - a potion of resistance


   Skills:
 + Level 4.5 Fighting
 + Level 5.1 Axes
 + Level 4.3 Armour
 + Level 4.4 Shields
 * Level 1.7 Evocations


You had 6 spell levels left.
You didn't know any spells.
Your spell library contained the following spells:

 Spells                   Type           Power      Damage    Failure   Level
 Dispel Undead            Necr           0%         3d6       100%        4
 Death Channel            Necr           0%         N/A       100%        6
 Cigotuvi's Dreadful Rot  Necr/Pois/Air  Unusable   N/A       N/A         2

Dungeon Overview and Level Annotations

Branches:
Dungeon (5/15)
 Temple: D:4-7

Altars:
Dithmenos
Trog
Vehumet

Annotations:
D:5 1 runed translucent door, Crazy Yiuf, Duvessa


Innate Abilities, Weirdness & Mutations

You are immune to sickness and miasma.
Your stone body is resilient. (AC +4)
You are immune to poison.
You resist negative energy. (rN+)
You are resistant to electric shocks. (rElec)
You are resistant to unholy torment.
You are immune to petrification.


Message History

You are confused.
You are too confused!
You are too confused!
You are too confused!
You are too confused!
You are too confused!
You are too confused!
You are too confused!
You are too confused!
You are too confused!
You are too confused!
You are too confused!
You are too confused!
You are too confused!
Unknown command.
Duvessa barely misses you.
Duvessa zaps a wand.
The bolt of light hits you!
Unknown command.
Duvessa attacks as you move away! Duvessa completely misses you.
You feel less confused.
You closely miss Duvessa.
Duvessa zaps a wand.
The bolt of light hits you!
You are confused.
* * * LOW HITPOINT WARNING * * *
Duvessa zaps a wand.
The bolt of light hits you.
You are more confused.
* * * LOW HITPOINT WARNING * * *
You hear a shout!
You feel better.
Duvessa zaps a wand.
The bolt of light hits you!
* * * LOW HITPOINT WARNING * * *
The now-empty wand crumbles to dust.
You feel very mighty all of a sudden.
You hit Duvessa.
Duvessa is lightly wounded.
Duvessa hits you with a +4 short sword of protection!
* * * LOW HITPOINT WARNING * * *
Duvessa closely misses you.
You hit Duvessa.
Duvessa is lightly wounded.
Duvessa hits you with a +4 short sword of protection.
You die...

.........
#........
.##.......
.........
##..#.....
#####
##...#.....
#._.#
..##..#.....
#.).###..
#.......
#@e.#∩#
##.....#
##...##
#...###
##...## #)###
##...#####.#
##...##...#
##...#..###♣♣
#..........♣♣
#...........♣
#######......


You could see Duvessa.

Vanquished Creatures
  A wolf (D:5)
  A howler monkey (D:4)
  3 hounds (D:4)
  2 orc priests (D:4)
  A gnoll bouda (D:5)
  A sleepcap (D:4)
  An orc wizard (D:4)
  2 gnolls (D:5)
  6 adders
  A worm (D:2)
  2 dart slugs
  17 orcs
  4 ball pythons
  4 bats
  7 endoplasms
  5 giant cockroaches
  5 goblins
  10 hobgoblins
  7 jackals
  12 kobolds
  5 quokkas
  4 frilled lizards
  3 rats
104 creatures vanquished.

Notes
Turn   | Place    | Note
-------+----------+-------------------------------------------
     0 | D:1      | bande the Gargoyle Fighter began the quest for the Orb.
     0 | D:1      | Reached XP level 1. HP: 14/14 MP: 1/1
   109 | D:1      | Reached XP level 2. HP: 16/19 MP: 2/2
   315 | D:1      | Reached skill level 2 in Axes
   486 | D:1      | Reached XP level 3. HP: 24/24 MP: 3/3
   951 | D:2      | Reached XP level 4. HP: 29/29 MP: 4/4
  1538 | D:3      | Reached skill level 3 in Axes
  1642 | D:3      | Identified the +6 chain mail "Xajuyruf" {Fly Regen+ Int+2
                  | Stlth-}
  1793 | D:3      | Reached XP level 5. HP: 33/33 MP: 5/5
  1880 | D:3      | Identified the +1 leather armour of Musorar {rC++ Dex-2}
  2183 | D:4      | Found a shadowy altar of Dithmenos.
  2190 | D:4      | Found a radiant altar of Vehumet.
  2210 | D:4      | Reached skill level 4 in Axes
  2210 | D:4      | Reached XP level 6. HP: 38/38 MP: 6/6
  2413 | D:4      | Reached skill level 1 in Evocations
  2780 | D:5      | Entered Level 5 of the Dungeon
  2803 | D:5      | Reached skill level 5 in Axes
  2803 | D:5      | Reached XP level 7. HP: 40/44 MP: 7/7
  2893 | D:5      | Found a runed translucent door.
  2894 | D:5      | Noticed Crazy Yiuf
  2909 | D:5      | Found a bloodstained altar of Trog.
  2909 | D:5      | Noticed Duvessa
  2922 | D:5      | HP: 2/44 [Duvessa/+4 short sword of protection (10)]
  2923 | D:5      | Slain by Duvessa

Illustrated notes

Levels and vault maps discovered:
D:1:      dpeg_chamrin_arrival_tetris, layout_basic
D:2:      wad_pebble_path, layout_basic
D:3:      layout_rooms
D:4:      layout_loops_cross, chequers_temple_overflow_statue_of_worship
D:5:      layout_cave_pools, nzn_overflow_gifts_of_might_and_magic,
          fedhas_ov_isle_minmay, elyvilon_altar_5,
          gammafunk_temple_overflow_forgotten, serial_gnoll_camp,
          gnoll_camp_mini_doghouse, gnoll_camp_mini_basic, gnoll_camp_mini_hut,
          gnoll_camp_medium_02, gnoll_camp_medium_01, uniq_crazy_yiuf_cottage,
          uniq_ijyb, uniq_sigmund, uniq_duvessa

Skill      XL: |  1  2  3  4  5  6 |
---------------+-------------------+-----
Axes           | 2 3 4 5 |  5.1
Shields        | 4 |  4.4
Fighting       | 4 |  4.5
Armour         | 4 |  4.3
Evocations     | 1 |  1.7

Action                     |  1- 3 |  4- 6 |  7- 9 || total
---------------------------+-------+-------+-------++-------
  Melee: War axe           |    99 |   182 |    22 ||   303
    Use: Scroll            |       |     6 |     1 ||     7
         Potion            |       |     1 |     2 ||     3
 Armour: Scale mail        |    57 |    21 |       ||    78
         Chain mail        |       |   117 |     8 ||   125
  Dodge: Dodged            |    56 |    95 |     7 ||   158
  Block: Buckler           |    29 |    47 |     6 ||    82

Table legend: (Time is in decaauts)
 A = Elapsed time spent in this place.
 B = Non-inter-level travel time spent in this place.
 C = Inter-level travel time spent in this place.
 D = Time resting spent in this place.
 E = Time spent auto-exploring this place.
 F = Levels seen in this place.
 G = Mean time per level.
                   A        B        C        D        E       F      G
               +--------+--------+--------+--------+--------+-----+--------+
         Total |   3034 |   2934 |    100 |     15 |   2014 |   5 |  606.8 |
       Dungeon |   3034 |   2934 |    100 |     15 |   2014 |   5 |  606.8 |
               +--------+--------+--------+--------+--------+-----+--------+

Top non-repeatable levels by time:
     D:1: 825 daAuts
     D:4: 769 daAuts
     D:2: 742 daAuts
     D:3: 545 daAuts
     D:5: 151 daAuts
